 Dungeon Crawl Stone Soup version 0.26-a0-394-g0b5ff55 (webtiles) character file.

Game seed: 10089217688226985560

71787 Illumine the Nimble (level 15, -2/117 HPs)
             Began as a Gnoll Gladiator on July 20, 2020.
             Was a High Priest of Wu Jian.
             Shot with an arrow by Nessos (3 damage)
             ... on level 13 of the Dungeon on July 22, 2020.
             The game lasted 01:14:15 (30970 turns).

Illumine the Nimble (Gnoll Gladiator)              Turns: 30970, Time: 01:14:16

Health: -2/117     AC: 13    Str: 22    XL:     15   Next: 37%
Magic:  28/28      EV: 20    Int: 10    God:    Wu Jian [*****.]
Gold:   1740       SH: 23    Dex: 24    Spells: 20/33 levels left

rFire    + . .     SeeInvis .   V - +4 war axe (flame)
rCold    . . .     Faith    .   T - +0 tower shield
rNeg     . . .     Spirit   .   g - +2 leather armour of the Butcher {MR+}
rPois    .         Reflect  +   c - +0 helmet
rElec    .         Harm     .   W - scarf {repulsion}
rCorr    .                      Y - +1 pair of gloves {archery}
MR       ++...                  y - +2 pair of boots
Stlth    ++........             G - amulet of reflection
HPRegen  0.29/turn              f - +6 ring of dexterity
MPRegen  0.21/turn              v - ring of protection from fire

@: lethally poisoned (-2 -> -12), heavenly storm, glowing, repel missiles
A: distributed training, fangs 1, strong nose
a: Wall Jump, Serpent's Lash, Heavenly Storm, Renounce Religion


You were on level 13 of the Dungeon.
You worshipped Wu Jian.
Wu Jian was extremely pleased with you.
You visited 4 branches of the dungeon, and saw 22 of its levels.
You visited 1 bazaar.
You also visited: Bailey and Volcano.

You collected 2770 gold pieces.
You spent 1030 gold pieces at shops.

Inventory:

Hand Weapons
 k - a +2 long sword of holy wrath
 V - a +4 war axe of flaming (weapon)
 X - a +1 antimagic war axe
Missiles
 d - 7 throwing nets
 J - 41 boomerangs (quivered)
Armour
 c - a +0 helmet (worn)
 g - the +2 leather armour of the Butcher (worn) {MR+}
   (You found it on level 2 of the Lair of Beasts)

   It affects your resistance to hostile enchantments.
 y - a +2 pair of boots (worn)
 T - a +0 tower shield (worn)
 W - a scarf of repulsion (worn)
 Y - a +1 pair of gloves of archery (worn)
Jewellery
 f - a +6 ring of dexterity (left hand)
 i - an uncursed ring of protection from cold
 p - an uncursed ring of see invisible
 q - an uncursed ring of fire
 v - a ring of protection from fire (right hand)
 G - an amulet of reflection (around neck)
 Z - an uncursed ring of protection from cold
Wands
 a - a wand of enslavement (8)
 h - a wand of paralysis (15)
 l - a wand of iceblast (7)
 F - a wand of digging (2)
 H - a wand of acid (9)
 I - a wand of clouds (1)
 L - a wand of flame (22)
 S - a wand of disintegration (36)
Scrolls
 b - 2 scrolls of identify
 j - 9 scrolls of teleportation
 m - 2 scrolls of blinking
 n - 12 scrolls of remove curse
 E - 5 scrolls of fear
Potions
 s - a potion of flight
 u - 4 potions of stabbing
 x - a potion of ambrosia
 z - 4 potions of cancellation
 A - 9 potions of curing
 B - a potion of haste
 C - a potion of heal wounds
 D - a potion of invisibility
 M - 2 potions of might
 Q - a potion of magic
 R - 3 potions of berserk rage
Miscellaneous
 e - a lightning rod (4/4)
 o - a tin of tremorstones (3/3)
 N - a phantom mirror
 O - a tin of tremorstones (3/3)


   Skills:
 + Level 10.8 Fighting
 + Level 9.9 Short Blades
 + Level 11.7 Long Blades
 + Level 9.9 Axes
 + Level 9.9 Maces & Flails
 + Level 9.9 Polearms
 + Level 9.9 Staves
 + Level 9.9 Slings
 + Level 9.9 Bows
 + Level 9.9 Crossbows
 + Level 10.8 Throwing
 + Level 9.9 Armour
 + Level 11.7 Dodging
 + Level 9.9 Stealth
 + Level 9.9 Shields
 + Level 9.9 Unarmed Combat
 + Level 9.9 Spellcasting
 + Level 8.3 Conjurations
 + Level 8.3 Hexes
 + Level 8.3 Summonings
 + Level 8.3 Necromancy
 + Level 8.3 Translocations
 + Level 8.3 Transmutations
 + Level 8.3 Fire Magic
 + Level 8.3 Ice Magic
 + Level 8.3 Air Magic
 + Level 8.3 Earth Magic
 + Level 8.3 Poison Magic
 + Level 10.7 Invocations
 + Level 9.9 Evocations


You had 20 spell levels left.
You knew the following spells:

 Your Spells              Type           Power        Failure   Level
a - Apportation           Tloc           ###...       3%          1
b - Wereblood             Tmut           ###.....     5%          2
c - Tukima's Dance        Hex            ###.....     11%         3
d - Lesser Beckoning      Tloc           ###.......   11%         3
e - Cause Fear            Hex            ###.......   34%         4

Your spell library contained the following spells:

 Spells                   Type           Power        Failure   Level
 Beastly Appendage        Tmut           ###...       3%          1
 Corona                   Hex            ###....      3%          1
 Foxfire                  Conj/Fire      ###.         3%          1
 Slow                     Hex            ###.....     5%          2
 Conjure Flame            Conj/Fire      ###.....     11%         3
 Inner Flame              Hex/Fire       ###.....     11%         3
 Portal Projectile        Hex/Tloc       ###...       11%         3
 Spider Form              Tmut/Pois      ###.......   11%         3
 Ice Form                 Ice/Tmut       ###.....     34%         4
 Leda's Liquefaction      Hex/Erth       ###.......   34%         4
 Sticky Flame             Conj/Fire      ###.....     34%         4
 Alistair's Intoxication  Tmut/Pois      ###......    67%         5
 Blade Hands              Tmut           ###.......   67%         5
 Fireball                 Conj/Fire      ###.......   67%         5
 Invisibility             Hex            ###.....     99%         6


Dungeon Overview and Level Annotations

Branches:
Dungeon (13/15)            Temple (1/1) D:4            Lair (6/6) D:9
 Shoals (0/4) Lair:4        Snake (0/4) Lair:2        Slime (0/5) Lair:5
    Orc (2/2) D:11            Elf (0/3) Orc:2        Bailey (visited)
Volcano (visited)
 Vaults: D:13-14

Altars:
Ashenzari
Cheibriados
Dithmenos
Elyvilon
Fedhas
Gozag
Hepliaklqana
Kikubaaqudgha
Makhleb
Nemelex Xobeh
Okawaru
Qazlal
Ru
Sif Muna
Trog
Uskayaw
Vehumet
Wu Jian
Xom
Yredelemnul
Zin
The Shining One
Beogh
Jiyva

Shops:
D:9 *   Orc:2 ![[=

Annotations:
D:10 3 runed translucent doors, Detudeen's ghost, novice DrTm
D:13 Nessos
Lair:6 1 runed translucent door, Illumine's ghost, journeyman GnIE


Innate Abilities, Weirdness & Mutations

Your experience applies equally to all skills.
You have very sharp teeth.
Your uncanny sense of smell can sniff out nearby items.


Message History

Nessos is severely wounded.
You hit the centaur warrior zombie. You burn the centaur warrior zombie.
Nessos misses you. You block Nessos's attack.
The centaur warrior zombie hits you.
* * * LOW HITPOINT WARNING * * *
Nessos blinks!
You block the centaur warrior zombie's attack.
Items here: )) [[ † a cursed -2 hand axe; a +0 leather armour; a +0 hand axe; a cursed -2 robe a meliai corpse You slash the centaur warrior zombie!
You burn the centaur warrior zombie.
You destroy the centaur warrior zombie!
The Council accepts your kill.
Nessos wields a +1 longbow of flaming.
It bursts into flame!
Nessos shoots an arrow.
The arrow closely misses you.
Nessos shoots an arrow.
The arrow hits you!
* * * LOW HITPOINT WARNING * * *
The arrow burns you.
You are lethally poisoned!
You die...

.#..#.######## ######.##
####.# ....#.#
###.......## #.# ....^.#
#........#.##### #.#
#####.#
###.#.#.#........# #..
......#
#...#.#.#......###.#####
####### ..).....#.####.#
#...# #...#§...... #.#
###.# #...#§###§##.#.#
#.# #...#§☼@§c...(.# #.#
# #...#§####.....# #.#
#.##.##§# ... #.#
#.......# . #.#
####.#### #.# #.# #.#
#.#### #.# #....# #.#
####.# #.#


You could see Nessos (fast, extremely poisoned).

Vanquished Creatures
  Saint Roka (Orc:2)
  Kirke (D:12)
  An ettin (Orc:1)
  Josephine (D:11)
  Harold (D:11)
  6 hydras
  A catoblepas (D:13)
  A death knight (D:10)
  5 two-headed ogres
  Urug (Lair:6)
  A hell knight (Volcano)
  Nergalle (D:12)
  The ghost of chequers the Skirmisher, a novice GnAK of Lugonu (D:7)
  An unseen horror (D:11)
  10 orc knights
  A deep elf mage (D:13)
  A cyclops (D:12)
  4 orc sorcerers
  2 oklob plants
  4 ugly things
  6 elephants
  A black mamba (Lair:6)
  Psyche (D:10)
  A smoke demon (Volcano)
  A torpor snail (Lair:6)
  2 molten gargoyles (Volcano)
  6 cane toads
  A centaur skeleton (D:12)
  6 komodo dragons
  2 rime drakes
  6 trolls
  3 polar bears
  The ghost of Illumine the Chopper, an amateur PaFi of Makhleb (D:5)
  3 meliai (D:13)
  8 hornets (Lair:6)
  3 slime creatures (D:13)
  Prince Ribbit (D:5)
  3 blink frogs (Lair:6)
  6 dream sheep (Lair:6)
  A snapping turtle (Lair:4)
  7 hippogriffs
  15 spriggans (Lair:6)
  6 wraiths
  A vampire (D:12)
  7 hogs (D:12)
  2 fire bats (Volcano)
  20 yaks
  10 basilisks
  A steam dragon (Lair:4)
  Menkaure (D:4)
  3 vampire mosquitoes (D:12)
  8 wargs
  A soldier ant (D:13)
  2 acid dragons
  4 nagas (Lair:2)
  8 water moccasins
  8 porcupines
  3 hell hounds (Volcano)
  2 hornet zombies
  A black bear (shapeshifter) (D:13)
  3 ice beasts
  2 sky beasts
  2 phantoms
  2 necrophages (D:7)
  50 orc warriors
  5 black bears
  19 wolves
  3 boggarts (Lair:6)
  8 centaurs
  11 ogres
  10 crocodiles
  A big kobold (D:8)
  9 bullfrogs
  A wyvern skeleton (D:11)
  8 gnoll sergeants (Bailey)
  4 scorpions
  3 killer bees (D:8)
  15 wights
  An electric eel (Lair:1)
  3 howler monkeys
  2 centaur zombies
  2 lava snakes (Volcano)
  5 hounds
  18 orc priests
  2 jellies
  Crazy Yiuf (D:4)
  2 bullfrog skeletons
  6 gnoll shamans (Bailey)
  31 orc wizards
  Ijyb (D:3)
  2 iguanas
  10 worker ants
  A killer bee zombie (D:6)
  A hound skeleton (D:4)
  3 hound zombies
  2 worker ant zombies
  16 adders
  14 gnolls (Bailey)
  2 shadow imps (D:6)
  A white imp (D:10)
  An ufetubus (D:8)
  2 oozes (D:1)
  An adder zombie (D:9)
  2 worms
  3 dart slugs
  4 leopard geckos
  125 orcs
  2 bats
  6 giant cockroaches
  6 hobgoblins
  11 jackals
  8 quokkas
  4 frilled lizards
  11 goblins
  10 kobolds
  A leopard gecko skeleton (D:6)
  7 rats
  4 fungi
707 creatures vanquished.

Vanquished Creatures (collateral kills)
  An orc sorcerer (Orc:2)
1 creature vanquished.

Vanquished Creatures (others)
  An orc wizard (Orc:2)
  An adder (D:12)
  2 fungi (Lair:2)
  4 plants
8 creatures vanquished.

Grand Total: 716 creatures vanquished

Notes
Turn   | Place    | Note
-------+----------+-------------------------------------------
     0 | D:1      | Illumine the Gnoll Gladiator began the quest for the Orb.
     0 | D:1      | Reached XP level 1. HP: 20/20 MP: 1/1
    67 | D:1      | Reached XP level 2. HP: 26/26 MP: 2/2
   494 | D:1      | Reached XP level 3. HP: 24/31 MP: 3/3
   919 | D:2      | Reached skill level 1 in Invocations
   996 | D:2      | Reached skill level 1 in Short Blades
   996 | D:2      | Reached skill level 1 in Axes
   996 | D:2      | Reached skill level 1 in Maces & Flails
   996 | D:2      | Reached skill level 1 in Polearms
   996 | D:2      | Reached skill level 1 in Staves
   996 | D:2      | Reached skill level 1 in Slings
   996 | D:2      | Reached skill level 1 in Bows
   996 | D:2      | Reached skill level 1 in Crossbows
   996 | D:2      | Reached skill level 1 in Armour
   996 | D:2      | Reached skill level 1 in Stealth
   996 | D:2      | Reached skill level 1 in Shields
   996 | D:2      | Reached skill level 1 in Unarmed Combat
   996 | D:2      | Reached skill level 1 in Spellcasting
   996 | D:2      | Reached skill level 1 in Evocations
   996 | D:2      | Reached XP level 4. HP: 34/38 MP: 5/5
  1593 | D:3      | Reached skill level 1 in Conjurations
  1593 | D:3      | Reached skill level 1 in Hexes
  1593 | D:3      | Reached skill level 1 in Summonings
  1593 | D:3      | Reached skill level 1 in Necromancy
  1593 | D:3      | Reached skill level 1 in Translocations
  1593 | D:3      | Reached skill level 1 in Transmutations
  1593 | D:3      | Reached skill level 1 in Fire Magic
  1593 | D:3      | Reached skill level 1 in Ice Magic
  1593 | D:3      | Reached skill level 1 in Air Magic
  1593 | D:3      | Reached skill level 1 in Earth Magic
  1593 | D:3      | Reached skill level 1 in Poison Magic
  1740 | D:3      | Noticed Ijyb
  1770 | D:3      | Killed Ijyb
  1770 | D:3      | Reached XP level 5. HP: 41/43 MP: 5/7
  2129 | D:3      | Found a shadowy altar of Dithmenos.
  2580 | D:4      | Reached XP level 6. HP: 38/50 MP: 8/8
  2712 | D:4      | Noticed Menkaure
  2718 | D:4      | Killed Menkaure
  2718 | D:4      | Reached skill level 5 in Fighting
  2718 | D:4      | Reached skill level 5 in Throwing
  2946 | D:4      | Reached XP level 7. HP: 42/56 MP: 10/10
  3575 | D:4      | Found a staircase to the Ecumenical Temple.
  3583 | Temple   | Entered the Ecumenical Temple
  3772 | Temple   | Became a worshipper of the Wu Jian Council
  3976 | D:4      | Found a runed translucent door.
  3977 | D:4      | Noticed Crazy Yiuf
  4079 | D:4      | Killed Crazy Yiuf
  4149 | D:5      | Entered Level 5 of the Dungeon
  4253 | D:5      | Noticed Prince Ribbit
  4285 | D:5      | Killed Prince Ribbit
  4285 | D:5      | Reached XP level 8. HP: 27/63 MP: 10/12
  4589 | D:5      | Upgraded the game from 0.26-a0-378-g7e20f67 to
                  | 0.26-a0-388-gf3277c4
  4939 | D:5      | Found a runed translucent gate.
  4939 | D:5      | Found a runed translucent gate.
  4940 | D:5      | Found a runed translucent gate.
  4942 | D:5      | Noticed Illumine's ghost (amateur PaFi)
  5036 | D:6      | Found a glowing silver altar of Zin.
  5036 | D:6      | Found an opulent altar of Gozag.
  5312 | D:6      | Reached * piety under Wu Jian
  5889 | D:6      | Reached XP level 9. HP: 64/69 MP: 14/14
  6203 | D:6      | Found a burning altar of Makhleb.
  6205 | D:6      | Found a hazy altar of Hepliaklqana.
  6205 | D:6      | Found a hide-covered altar of Uskayaw.
  6313 | D:6      | Found an opulent altar of Gozag.
  6991 | D:7      | Found a flagged portal.
  7027 | Bailey   | Entered a bailey
  7039 | Bailey   | Reached ** piety under Wu Jian
  7712 | Bailey   | Reached skill level 5 in Invocations
  8265 | D:7      | Reached XP level 10. HP: 63/75 MP: 17/17
  8653 | D:7      | Found a runed translucent door.
  8653 | D:7      | Noticed chequers's ghost (novice GnAK)
  8840 | D:8      | Found a glowing golden altar of the Shining One.
  8841 | D:8      | Found an iron altar of Okawaru.
  8844 | D:8      | Reached *** piety under Wu Jian
  8862 | D:8      | Upgraded the game from 0.26-a0-388-gf3277c4 to
                  | 0.26-a0-389-g5bc9781
  9125 | D:8      | Reached skill level 5 in Short Blades
  9125 | D:8      | Reached skill level 5 in Axes
  9125 | D:8      | Reached skill level 5 in Maces & Flails
  9125 | D:8      | Reached skill level 5 in Polearms
  9125 | D:8      | Reached skill level 5 in Staves
  9125 | D:8      | Reached skill level 5 in Slings
  9125 | D:8      | Reached skill level 5 in Bows
  9125 | D:8      | Reached skill level 5 in Crossbows
  9125 | D:8      | Reached skill level 5 in Armour
  9125 | D:8      | Reached skill level 5 in Stealth
  9125 | D:8      | Reached skill level 5 in Shields
  9125 | D:8      | Reached skill level 5 in Unarmed Combat
  9125 | D:8      | Reached skill level 5 in Spellcasting
  9125 | D:8      | Reached skill level 5 in Evocations
  9596 | D:9      | Found a snail-covered altar of Cheibriados.
  9669 | D:9      | Noticed a two-headed ogre
  9678 | D:9      | Killed a two-headed ogre
  9933 | D:9      | Found a basalt altar of Yredelemnul.
 10032 | D:9      | Found a stormy altar of Qazlal.
 10149 | D:9      | Found a blossoming altar of Fedhas.
 10150 | D:9      | Found a sparkling altar of Nemelex Xobeh.
 10202 | D:9      | Noticed an elephant
 10224 | D:9      | Killed an elephant
 10451 | D:9      | Found a staircase to the Lair.
 10465 | Lair:1   | Entered Level 1 of the Lair of Beasts
 10485 | Lair:1   | Reached XP level 11. HP: 77/82 MP: 19/19
 10777 | Lair:1   | Noticed a five-headed hydra
 10785 | Lair:1   | Killed a one-headed hydra
 10940 | Lair:1   | Reached skill level 5 in Conjurations
 10940 | Lair:1   | Reached skill level 5 in Hexes
 10940 | Lair:1   | Reached skill level 5 in Summonings
 10940 | Lair:1   | Reached skill level 5 in Necromancy
 10940 | Lair:1   | Reached skill level 5 in Translocations
 10940 | Lair:1   | Reached skill level 5 in Transmutations
 10940 | Lair:1   | Reached skill level 5 in Fire Magic
 10940 | Lair:1   | Reached skill level 5 in Ice Magic
 10940 | Lair:1   | Reached skill level 5 in Air Magic
 10940 | Lair:1   | Reached skill level 5 in Earth Magic
 10940 | Lair:1   | Reached skill level 5 in Poison Magic
 11526 | Lair:1   | Noticed an eight-headed hydra
 11531 | Lair:1   | Killed a six-headed hydra
 11999 | Lair:2   | Got a glimmering leather armour
 12350 | Lair:2   | Noticed a seven-headed hydra
 12364 | Lair:2   | Killed a one-headed hydra
 12911 | Lair:2   | Reached XP level 12. HP: 51/91 MP: 22/22
 13283 | Lair:2   | Noticed an eight-headed hydra
 13300 | Lair:2   | Killed a three-headed hydra
 13300 | Lair:2   | Reached **** piety under Wu Jian
 13602 | Lair:2   | Identified the +2 leather armour of the Butcher {MR+} (You
                  | found it on level 2 of the Lair of Beasts)
 13659 | Lair:2   | Found a staircase to the Snake Pit.
 14003 | Lair:3   | Noticed a six-headed hydra
 14014 | Lair:3   | HP: 4/92 [three-headed hydra (11)]
 14017 | Lair:3   | Killed a one-headed hydra
 16651 | Lair:5   | Found a hazy altar of Hepliaklqana.
 16720 | Lair:5   | Found a staircase to the Slime Pits.
 16720 | Lair:5   | Found a viscous altar of Jiyva.
 16839 | Lair:2   | Upgraded the game from 0.26-a0-389-g5bc9781 to
                  | 0.26-a0-393-g67388ea
 16890 | Lair:6   | Entered Level 6 of the Lair of Beasts
 16890 | Lair:6   | Found a runed translucent door.
 16890 | Lair:6   | Found a shimmering altar of Xom.
 16890 | Lair:6   | Noticed Illumine's ghost (journeyman GnIE)
 16891 | Lair:6   | Noticed a +1 rapier of chaos
 17066 | Lair:6   | Reached skill level 10 in Long Blades
 17066 | Lair:6   | Reached skill level 10 in Dodging
 17776 | Lair:6   | Reached XP level 13. HP: 99/99 MP: 24/24
 18295 | Lair:6   | Noticed Urug
 18318 | Lair:6   | Killed Urug
 19210 | Lair:6   | Reached ***** piety under Wu Jian
 19822 | D:9      | Found Osogoo's Changing Room.
 20201 | D:10     | Entered Level 10 of the Dungeon
 20213 | D:10     | Noticed Psyche
 20219 | D:10     | Killed Psyche
 20566 | D:10     | Got an ivory rapier
 20728 | D:10     | Found a runed translucent gate.
 20728 | D:10     | Found a runed translucent gate.
 20728 | D:10     | Found a runed translucent gate.
 20729 | D:10     | Noticed Detudeen's ghost (novice DrTm)
 21050 | D:5      | Killed Illumine's ghost
 21168 | D:7      | Killed chequers's ghost
 21179 | D:7      | Identified the cursed +1 rapier of Foul Odors {protect,
                  | rElec} (You found it on level 10 of the Dungeon)
 21664 | Lair:4   | Found a staircase to the Shoals.
 22012 | D:11     | Noticed Harold
 22039 | D:11     | Killed Harold
 22039 | D:11     | Reached XP level 14. HP: 101/109 MP: 26/26
 22217 | D:11     | Noticed Josephine
 22224 | D:11     | Killed Josephine
 22288 | D:11     | Reached skill level 10 in Fighting
 22288 | D:11     | Reached skill level 10 in Throwing
 22343 | D:11     | Found a shimmering blue altar of Sif Muna.
 22360 | D:11     | Identified Sif Muna's Handbook of Heat
 22670 | D:11     | Found a staircase to the Orcish Mines.
 22942 | Orc:1    | Entered Level 1 of the Orcish Mines
 22961 | Orc:1    | Paralysed by an orc sorcerer for 5 turns
 23001 | Orc:1    | Found a dark tunnel.
 23009 | Volcano  | Entered a volcano
 23293 | Volcano  | Found a bloodstained altar of Trog.
 23908 | Orc:2    | Entered Level 2 of the Orcish Mines
 24613 | Orc:1    | Reached skill level 10 in Invocations
 25247 | Orc:2    | Found a roughly hewn altar of Beogh.
 26091 | Orc:2    | Found Vomits's Jewellery Shop.
 26091 | Orc:2    | Found Mysem's Armour Emporium.
 26096 | Orc:2    | Bought an uncursed ring of see invisible for 180 gold
                  | pieces
 26191 | Orc:2    | Noticed Saint Roka
 26680 | Orc:2    | Paralysed by an orc sorcerer for 3 turns
 26803 | Orc:2    | Killed Saint Roka
 26880 | Orc:2    | Upgraded the game from 0.26-a0-393-g67388ea to
                  | 0.26-a0-394-g0b5ff55
 27216 | Orc:2    | HP: 5/111 [orc warrior/+0 glaive (30)]
 27216 | Orc:2    | HP: 2/111 [orc/+3 hand axe (3)]
 27677 | Orc:2    | Reached XP level 15. HP: 73/117 MP: 28/28
 27708 | Orc:2    | Found Liumof's Armour Shop.
 27708 | Orc:2    | Found Rioclip's Distillery.
 27712 | Orc:2    | Bought a +1 pair of gloves of archery for 264 gold pieces
 27947 | Orc:2    | Bought 2 potions of heal wounds for 130 gold pieces
 28114 | Orc:2    | Found a staircase to the Elven Halls.
 28685 | D:12     | Found a flickering gateway to a bazaar.
 28694 | Bazaar   | Entered a bazaar
 28696 | Bazaar   | Found Lyegoici's Book Boutique.
 28700 | Bazaar   | Found Carphomn's Jewellery Boutique.
 28700 | Bazaar   | Found Pah Suepo's Antique Armour Boutique.
 28700 | Bazaar   | Found Tepuw's Magic Scroll Boutique.
 28736 | Bazaar   | Bought a pair of glimmering gloves for 351 gold pieces
 28736 | Bazaar   | Identified the +1 pair of gloves "Hamonawe" {rF+} (You
                  | bought it in a shop in a bazaar)
 28746 | Bazaar   | Bought a scroll of silence for 105 gold pieces
 28803 | D:12     | Noticed Kirke
 29315 | D:12     | Noticed Nergalle
 29338 | D:12     | Killed Nergalle
 29479 | Lair:2   | Learned a level 1 spell: Apportation
 29482 | Lair:2   | Learned a level 2 spell: Wereblood
 29486 | Lair:2   | Learned a level 3 spell: Tukima's Dance
 29642 | D:12     | Killed Kirke
 30183 | D:13     | Reached ****** piety under Wu Jian
 30389 | D:13     | Learned a level 3 spell: Lesser Beckoning
 30394 | D:13     | Learned a level 4 spell: Cause Fear
 30936 | D:13     | Noticed Nessos
 30970 | D:13     | HP: 1/117 [Nessos/arrow (14)]
 30970 | D:13     | Shot with an arrow by Nessos

Illustrated notes

Levels and vault maps discovered:
D:1:      ncdulo_wetmaze, layout_basic, roderic_lattice_a, minmay_quantized
D:2:      layout_basic
D:3:      layout_loops_cross, grunt_dithmenos_smoke_and_mirrors, uniq_ijyb
D:4:      cheibrodos_helix_gallery, layout_rooms,
          minmay_temple_entry_glassed_door, uniq_menkaure,
          uniq_crazy_yiuf_cottage
D:5:      layout_rooms, ebering_ghost_rock_garden, serial_glass,
          glass_columns_b, glass_columns_c, uniq_prince_ribbit1
D:6:      layout_basic, grunt_temple_overflow_open, st_stairs_9,
          minmay_stone_trees_small, chequers_serial_rivers_small_b,
          kennysheep_path_1, nicolae_gozag_seed_capital
D:7:      layout_loops_corners, enter_bailey_3, ebering_ghost_reflecting_pool
D:8:      layout_basic, overflow_temple_1_default, okawaru_trees_1
D:9:      layout_basic, nicolae_overflow_crystal_walls,
          overflow_temple_1_default, kennysheep_mini_moat,
          nicolae_overflow_hidden_temple, david_lair_generic,
          nicolae_transmutations_shop, serial_bayou_pond_a
D:10:     layout_cave_pools, ebering_ghost_rock_garden, uniq_psyche
D:11:     layout_irregular_city, david_orc_4, led_sif_book, uniq_josephine,
          uniq_harold
D:12:     layout_irregular_city, serial_shops, bzr_firewalk, uniq_kirke,
          uniq_nergalle
D:13:     layout_loops_cross, uniq_sonja, uniq_nessos
Temple:   dpeg_chambers_temple
Lair:1:   layout_long_grid, st_stairs_4, infiniplex_staircase_pool
Lair:2:   layout_cave_pods, guppyfry_snake_entry_island, serial_bayou_pond_a,
          lemuel_old_faithful
Lair:3:   layout_chaotic_city, minivault_23
Lair:4:   layout_misc_corridors, minmay_shoals_entry_hut
Lair:5:   layout_loops_ring, slime_altar_1, basic_altar, serial_bayou_lagoon_a,
          eino_house_with_fridge, grunt_megastairs_3, minmay_lair_oklob_chamber
Lair:6:   minmay_lair_end_enchanted_forest, layout_cave_pods, ebering_ghost_xom,
          kennysheep_basilisk_garden, infiniplex_staircase_pool_2, uniq_urug
Orc:1:    layout_caves, enter_volcano_4
Orc:2:    st_orc_town, layout_caves, special_room, nicolae_orc_sculptors_studio,
          uniq_saint_roka

Skill      XL: |  1  2  3  4  5  6  7  8  9 10 11 12 13 14 |
---------------+-------------------------------------------+-----
Invocations    | 1 2 3 4 5 6 7 8 9 10 | 10.7
Short Blades   | 1 2 3 4 5 6 7 8 9 |  9.9
Axes           | 1 2 3 4 5 6 7 8 9 |  9.9
Maces & Flails | 1 2 3 4 5 6 7 8 9 |  9.9
Polearms       | 1 2 3 4 5 6 7 8 9 |  9.9
Staves         | 1 2 3 4 5 6 7 8 9 |  9.9
Slings         | 1 2 3 4 5 6 7 8 9 |  9.9
Bows           | 1 2 3 4 5 6 7 8 9 |  9.9
Crossbows      | 1 2 3 4 5 6 7 8 9 |  9.9
Armour         | 1 2 3 4 5 6 7 8 9 |  9.9
Stealth        | 1 2 3 4 5 6 7 8 9 |  9.9
Shields        | 1 2 3 4 5 6 7 8 9 |  9.9
Unarmed Combat | 1 2 3 4 5 6 7 8 9 |  9.9
Spellcasting   | 1 2 3 4 5 6 7 8 9 |  9.9
Evocations     | 1 2 3 4 5 6 7 8 9 |  9.9
Conjurations   | 1 2 3 4 5 6 7 8 |  8.3
Hexes          | 1 2 3 4 5 6 7 8 |  8.3
Summonings     | 1 2 3 4 5 6 7 8 |  8.3
Necromancy     | 1 2 3 4 5 6 7 8 |  8.3
Translocations | 1 2 3 4 5 6 7 8 |  8.3
Transmutations | 1 2 3 4 5 6 7 8 |  8.3
Fire Magic     | 1 2 3 4 5 6 7 8 |  8.3
Ice Magic      | 1 2 3 4 5 6 7 8 |  8.3
Air Magic      | 1 2 3 4 5 6 7 8 |  8.3
Earth Magic    | 1 2 3 4 5 6 7 8 |  8.3
Poison Magic   | 1 2 3 4 5 6 7 8 |  8.3
Fighting       | 5 6 7 8 9 10 | 10.8
Throwing       | 5 6 7 8 9 10 | 10.8
Long Blades    | 7 8 9 10 11 | 11.7
Dodging        | 7 8 9 10 11 | 11.7

Action                   |  1- 3 |  4- 6 |  7- 9 | 10-12 | 13-15 || total
-------------------------+-------+-------+-------+-------+-------++-------
Melee: Long sword        |    71 |   178 |   325 |       |   111 ||   685
       Bite              |    12 |    25 |   121 |    99 |   241 ||   498
       Punch             |       |       |    18 |     1 |       ||    19
       Scimitar          |       |       |   183 |   130 |       ||   313
       War axe           |       |       |       |   480 |  1069 ||  1549
       Unarmed           |       |       |       |       |     7 ||     7
 Fire: Hunting sling     |       |     4 |     8 |       |       ||    12
Throw: Throwing net      |       |     1 |     2 |       |       ||     3
       Boomerang         |       |       |    24 |    31 |   368 ||   423
Invok: Lunge             |       |       |    43 |    21 |    52 ||   116
       Whirlwind         |       |       |     8 |    15 |    35 ||    58
       Serpent's Lash    |       |       |       |     7 |     4 ||    11
       Heavenly Storm    |       |       |       |       |     2 ||     2
 Abil: Wall Jump         |       |       |       |    13 |     1 ||    14
Evoke: Wand              |       |       |     1 |       |     5 ||     6
       Phantom mirror    |       |       |       |       |     1 ||     1
       Tin of tremorston |       |       |       |       |     1 ||     1
  Use: Potion            |       |     2 |     7 |       |     9 ||    18
       Scroll            |       |       |     5 |     8 |    16 ||    29
 Stab: Sleeping          |     3 |       |       |     3 |     6 ||    12
       Held in net/web   |       |     1 |     1 |       |       ||     2
       Confused          |       |       |       |       |     1 ||     1
Armor: Leather armour    |     9 |       |       |    14 |    14 ||    37
       Chain mail        |    20 |    14 |       |       |     2 ||    36
       Plate armour      |       |    73 |   277 |       |       ||   350
       Crystal plate arm |       |       |    14 |   374 |   328 ||   716
Dodge: Dodged            |    49 |    94 |   260 |   111 |   218 ||   732
       Repelled          |       |       |       |     2 |     3 ||     5
Block: Tower shield      |       |       |       |   508 |  1228 ||  1736
       Reflection        |       |       |       |       |    43 ||    43
       Other             |       |       |       |       |     5 ||     5
       Rpst.: Long sword |    13 |    33 |    62 |       |     7 ||   115
       Scimitar          |       |       |    30 |     3 |       ||    33

Table legend: (Time is in decaauts)
 A = Elapsed time spent in this place.
 B = Non-inter-level travel time spent in this place.
 C = Inter-level travel time spent in this place.
 D = Time resting spent in this place.
 E = Time spent auto-exploring this place.
 F = Levels seen in this place.
 G = Mean time per level.
                   A        B        C        D        E       F      G
               +--------+--------+--------+--------+--------+-----+--------+
         Total |  31346 |  29289 |   2057 |  10692 |  12200 |  25 | 1253.8 |
       Dungeon |  14246 |  13151 |   1095 |   3301 |   6897 |  13 | 1095.8 |
        Temple |    202 |    190 |     12 |      0 |    185 |   1 |  202.0 |
          Lair |  10363 |   9497 |    866 |   3875 |   3986 |   6 | 1727.2 |
  Orcish Mines |   4591 |   4508 |     83 |   2669 |    827 |   2 | 2295.5 |
        Bazaar |     69 |     69 |      0 |      0 |      5 |   1 |   69.0 |
        Bailey |   1093 |   1093 |      0 |    574 |    114 |   1 | 1093.0 |
       Volcano |    779 |    779 |      0 |    273 |    186 |   1 |  779.0 |
               +--------+--------+--------+--------+--------+-----+--------+

Top non-repeatable levels by time:
  Lair:6: 2865 daAuts
  Lair:2: 2609 daAuts
   Orc:1: 2379 daAuts
   Orc:2: 2211 daAuts
  Lair:3: 2023 daAuts
    D:11: 1550 daAuts
  Lair:1: 1524 daAuts
     D:6: 1508 daAuts
     D:9: 1473 daAuts
     D:7: 1109 daAuts
  Lair:4: 1101 daAuts
  Bailey: 1093 daAuts
    D:12: 955 daAuts
    D:13: 867 daAuts
     D:8: 811 daAuts
Note: time per level data comes from an upgraded game and may be incomplete.
